 Dungeon Crawl Stone Soup version 0.21-a0-440-g28109cb (webtiles) character file.

334 Megalobster the Ruffian (level 6, -7/61 HPs)
             Began as a Troll Monk on Nov 10, 2017.
             Mangled by a two-headed ogre
             ... wielding a +0 giant spiked club
              (11 damage)
             ... on level 4 of the Dungeon.
             The game lasted 00:07:41 (3182 turns).

Megalobster the Ruffian (Troll Monk)                Turns: 3182, Time: 00:07:42

Health: -7/61      AC:  5    Str: 27    XL:     6   Next: 27%
Magic:  5/5        EV: 11    Int:  6    God:
Gold:   71         SH:  0    Dex: 12    Spells: 5/5 levels left

rFire    . . .     SeeInvis .     - Unarmed
rCold    . . .     Gourm    +   (no shield)
rNeg     . . .     Faith    .   a - +0 robe
rPois    .         Spirit   .   (helmet restricted)
rElec    .         Reflect  .   (no cloak)
rCorr    .         Harm     .   (gloves unavailable)
MR       .....                  (boots unavailable)
Stlth    ++........             (no amulet)
HPRegen  0.60/turn              (no ring)
MPRegen  0.09/turn              (no ring)

@: mighty
A: unfitting armour, claws 3, fast metabolism 3, gourmand, regeneration 1,
shaggy fur 1, tough skin 2
a: no special abilities


You were on level 4 of the Dungeon.
You were very full.

You visited 1 branch of the dungeon, and saw 4 of its levels.

You collected 71 gold pieces.

Inventory:

Hand Weapons
 v - a +0 fustibalus
Missiles
 e - 64 stones (quivered)
 f - 21 poisoned needles
 m - 6 large rocks
 t - 3 tomahawks
Armour
 a - a +0 robe (worn)
Magical Staves
 s - an uncursed staff of wizardry {unknown}
Wands
 o - a wand of paralysis (0/24)
Scrolls
 g - 2 scrolls of random uselessness {unknown}
 h - a scroll of fog {unknown}
 i - a scroll of enchant armour {unknown}
 l - a scroll of recharging {unknown}
 p - a scroll of teleportation {unknown}
 q - a scroll of blinking {unknown}
Potions
 c - a potion of degeneration {unknown}
 d - a potion of haste
 k - 2 potions of curing
 n - a potion of agility
 u - a potion of heal wounds {unknown}
 x - a potion of lignification {unknown}
Comestibles
 b - 2 bread rations
 r - a meat ration
 w - 4 chunks of flesh


   Skills:
 + Level 3.3 Fighting
 + Level 2.0 Armour
 + Level 3.3 Dodging
 - Level 1.0 Stealth
 * Level 5.1 Unarmed Combat
 + Level 0.4 Evocations


You had 5 spell levels left.
You didn't know any spells.

Dungeon Overview and Level Annotations

Branches:
Dungeon (4/15)
 Temple: D:4-7

Altars:


Innate Abilities, Weirdness & Mutations

You are too large for most types of armour.
You have claws for hands.
Your metabolism is lightning-fast.
You like to eat raw meat.
Your natural rate of healing is unusually fast.
You are covered in fur. (AC +1)
You have very tough skin. (AC +2)


Message History

The two-headed ogre barely misses you.
The two-headed ogre hits you with a giant club!
Throwing (i - inventory. (,) - cycle):
e - 65 stones (quivered)
Press: ? - help, Shift-Dir - straight line, f/p - two-headed ogre
Aim: a two-headed ogre, wielding a giant spiked club and a giant club You throw a stone.
The stone barely misses the two-headed ogre.
You feel very mighty all of a sudden.
The two-headed ogre hits you with a giant spiked club!!
The two-headed ogre barely misses you.
You are too injured to fight recklessly!
You are too injured to fight recklessly!
You are too injured to fight recklessly!
You are too injured to fight recklessly!
You mangle the two-headed ogre!! You claw the two-headed ogre!
The two-headed ogre is heavily wounded.
The two-headed ogre hits you with a giant spiked club!
* * * LOW HITPOINT WARNING * * *
The two-headed ogre hits you with a giant club!
You die...

####)## #.#...... #...<.#
#.#.#.### #####..)..#
#.#.#.# .>......รท.#
#.#.#.# #####.....#######
#.#.#.# #............
#.#.#.# +......######
#.#.#.# ##
##......#########.#.#.#
#....#....O@.........#.#.#
#.##.#....############ #.#
#.<#.#(.......... #.#
#..#.#....####### #.#
#.....(.### #.# .
#.......# #.# .. #...(...#
#.# ... #.......# #.# ....
#.......# #.#


You could see a two-headed ogre.

Vanquished Creatures
  Sigmund (D:2)
  4 gnolls
  6 adders
  2 oozes (D:2)
  2 worms
  2 dart slugs
  3 leopard geckos
  An orc (D:3)
  5 bats
  4 giant cockroaches
  6 goblins
  8 hobgoblins
  5 kobolds
  3 quokkas
  2 ball pythons (D:3)
  7 frilled lizards
  4 rats
65 creatures vanquished.

Notes
Turn   | Place    | Note
-------+----------+-------------------------------------------
     0 | D:1      | Megalobster the Troll Monk began the quest for the Orb.
     0 | D:1      | Reached XP level 1. HP: 22/22 MP: 0/0
   135 | D:1      | Reached XP level 2. HP: 29/29 MP: 1/1
   947 | D:2      | Reached XP level 3. HP: 29/36 MP: 2/2
  1132 | D:2      | Reached skill level 1 in Armour
  1404 | D:2      | Noticed Sigmund
  1412 | D:2      | Killed Sigmund
  1412 | D:2      | Reached skill level 4 in Unarmed Combat
  1412 | D:2      | Reached XP level 4. HP: 19/45 MP: 3/3
  1412 | D:2      | Reached XP level 5. HP: 22/53 MP: 4/4
  2362 | D:3      | Reached XP level 6. HP: 61/61 MP: 5/5
  2932 | D:3      | Reached skill level 5 in Unarmed Combat
  3023 | D:4      | Noticed a two-headed ogre
  3182 | D:4      | Mangled by a two-headed ogre

Vault maps used:
D:1:      dpeg_arrival_round_c
D:2:      uniq_sigmund
D:3:      kennysheep_decorative_pillar, serial_bayou_pond_c,
          kennysheep_generic_room_13
D:4:      uniq_natasha

Skill      XL: |  1  2  3  4  5  6 |
---------------+-------------------+-----
Armour         | 1 2 |  2.0
Fighting       | 3 |  3.3
Dodging        | 3 |  3.3
Unarmed Combat | 4 5 |  5.1
Stealth        | |  1.0
Evocations     | |  0.4

Action                   |  1- 3 |  4- 6 || total
-------------------------+-------+-------++-------
Melee: Unarmed           |    82 |    67 ||   149
       Punch             |     2 |     1 ||     3
Throw: Stone             |     1 |     8 ||     9
Evoke: Wand              |       |     2 ||     2
  Use: Scroll            |       |     4 ||     4
       Potion            |       |     1 ||     1
 Stab: Sleeping          |     5 |     3 ||     8
       Distracted        |       |     1 ||     1
  Eat: Chunk             |    18 |    16 ||    34
Armor: Robe              |    27 |    18 ||    45
Dodge: Dodged            |    36 |    33 ||    69

Table legend:
 A = Spawn XP
 B = Non-spawn XP
 C = Spawn XP percentage of total XP
 D = Spawn monster count
 E = Non-spawn monster count
 F = Spawn count percentage of total count
 G = Total turns spent on level
                    A         B        C        D         E        F      G
               +---------+---------+-------+---------+---------+-------+---------
         Total |       0 |     478 |   0.0 |       0 |      65 |   0.0 |  3182
               +---------+---------+-------+---------+---------+-------+---------
           D:1 |       0 |      32 |   0.0 |       0 |      20 |   0.0 |   877
           D:2 |       0 |     296 |   0.0 |       0 |      18 |   0.0 |   991
           D:3 |       0 |     102 |   0.0 |       0 |      22 |   0.0 |  1130
           D:4 |       0 |      48 |   0.0 |       0 |       5 |   0.0 |   184
               +---------+---------+-------+---------+---------+-------+---------
